 Dungeon Crawl Stone Soup version 0.23-a0-655-g3751e1c (console) character file.

12 Duffy the Firebug (level 2, 17/19 HPs)
             Began as a Demonspawn Fire Elementalist on Jan 7, 2019.
             Quit the game on level 1 of the Dungeon.
             The game lasted 00:00:29 (436 turns).

Duffy the Firebug (Demonspawn Fire Elementalist)     Turns: 436, Time: 00:00:30

Health: 17/19      AC:  2    Str:  8    XL:     2   Next: 20%
Magic:  0/5        EV: 12    Int: 16    God:
Gold:   19         SH:  0    Dex: 13    Spells: 4/5 levels left

rFire    . . .     SeeInvis .   (no weapon)
rCold    . . .     Gourm    .   (no shield)
rNeg     . . .     Faith    .   a - +0 robe
rPois    .         Spirit   .   (helmet restricted)
rElec    .         Reflect  .   (no cloak)
rCorr    .         Harm     .   (no gloves)
MR       .....                  (no boots)
Stlth    ++........             e - amulet of regeneration
HPRegen  0.46/turn              (no ring)
MPRegen  0.09/turn              (no ring)

@: no status effects
A: antennae 1
a: no special abilities


You were on level 1 of the Dungeon.
You were not hungry.

You visited 1 branch of the dungeon, and saw 1 of its levels.

You collected 19 gold pieces.

Inventory:

Armour
 a - a +0 robe (worn)
Jewellery
 e - an amulet of regeneration (around neck)
Scrolls
 d - 2 scrolls of teleportation {unknown}
Comestibles
 b - 2 chunks of flesh
 c - a ration


   Skills:
 - Level 1.7 Dodging
 - Level 1.7 Stealth
 + Level 2.2 Spellcasting
 + Level 1.5 Conjurations
 + Level 2.9 Fire Magic


You had 4 spell levels left.
You knew the following spells:

 Your Spells              Type           Power        Failure   Level  Hunger
h - Flame Tongue          Conj/Fire      #....        9%          1    #......

Your spell library contained the following spells:

 Spells                   Type           Power        Failure   Level  Hunger
 Throw Flame              Conj/Fire      #.....       12%         2    ###....
 Conjure Flame            Conj/Fire      #.......     24%         3    ###....
 Inner Flame              Hex/Fire       #.......     32%         3    ###....
 Sticky Flame             Conj/Fire      #.......     63%         4    #####..
 Fireball                 Conj/Fire      #.........   92%         5    ######.


Dungeon Overview and Level Annotations

Branches:
Dungeon (1/15)

Altars:


Innate Abilities, Weirdness & Mutations

You have a pair of small antennae on your head.


Message History

The ooze hits you.
Casting: Flame Tongue (safe; 9% risk of failure)
Confirm with . or Enter, or press ? or * to list all spells.
Aiming: Flame Tongue (safe; 9% risk of failure)
Press: ? - help, Shift-Dir - straight line, f/p - ooze
Aim: an ooze (lightly wounded)
The flame tongue hits the ooze.
The ooze is almost dead.
The ooze hits you.
Casting: Flame Tongue (safe; 9% risk of failure)
Confirm with . or Enter, or press ? or * to list all spells.
Aiming: Flame Tongue (safe; 9% risk of failure)
Press: ? - help, Shift-Dir - straight line, f/p - ooze
Aim: an ooze (almost dead)
The flame tongue hits the ooze.
You kill the ooze!
You have reached level 2!
Your demonic ancestry asserts itself...
A pair of antennae grows on your head!
Are you sure you want to abandon this character and quit the game? (Confirm

#............#.#
#.........#....#
#..............#
##########....(# #
#.....# .## #### #.....#
.... ...# ##.....###
>....
##.#######....#...#......
................#@.......
##########....(..........
###...............
###.........####.##.. #
#>..##..?...# ## . ##
#...##......#
.####............#
....#...###....#...
###.....# #....###..


There were no monsters in sight!

Vanquished Creatures
  An ooze (D:1)
  A leopard gecko (D:1)
  A hobgoblin (D:1)
  2 bats (D:1)
  3 frilled lizards (D:1)
  A kobold (D:1)
9 creatures vanquished.

Notes
Turn   | Place    | Note
-------+----------+-------------------------------------------
     0 | D:1      | Duffy the Demonspawn Fire Elementalist began the quest for
                  | the Orb.
     0 | D:1      | Reached XP level 1. HP: 13/13 MP: 3/3
   435 | D:1      | Gained mutation: You have a pair of small antennae on your
                  | head. [demonic ancestry]
   435 | D:1      | Reached XP level 2. HP: 16/19 MP: 0/5
   436 | D:1      | Quit the game

Vault maps used:
D:1:      mushboom_english_gardens, minmay_misc_feat_rugged, minmay_pentomino_q4

Action                   || total
-------------------------++-------
 Cast: Flame Tongue      ||    18
Dodge: Dodged            ||     5

Table legend:
 A = Non-vault XP
 B = Vault XP
 C = Vault XP percentage of total XP
 D = Non-vault monster count
 E = Vault monster count
 F = Vault count percentage of total count
                 A         B        C        D         E       F
            +---------+---------+-------+---------+---------+-------
      Total |      18 |       0 |   0.0 |       9 |       0 |   0.0
            +---------+---------+-------+---------+---------+-------
        D:1 |      18 |       0 |   0.0 |       9 |       0 |   0.0
            +---------+---------+-------+---------+---------+-------
